 Dungeon Crawl Stone Soup version 0.27-a0-679-g77a6b55cf3 (webtiles) character file.

Game seed: 17810584315320092557

8757 Gaff the Slinger (level 11, -17/55 HPs)
             Began as a Spriggan Hunter on Mar 19, 2021.
             Was an Initiate of Gozag.
             Demolished by a boulder beetle (48 damage)
             ... on level 11 of the Dungeon.
             The game lasted 01:14:52 (21627 turns).

Gaff the Slinger (Spriggan Hunter)                 Turns: 21627, Time: 01:14:52

Health: -17/55     AC:  3    Str:  9    XL:     11   Next: 14%
Magic:  25/25      EV: 25    Int: 14    God:    Gozag
Gold:   2249       SH:  8    Dex: 17    Spells: 13/15 levels left

rFire    + + .     SeeInvis +   a - +2 fustibalus (flame)
rCold    . . .     Faith    .   w - +1 buckler {rF+}
rNeg     . . .     Spirit   .   C - +1 robe {Will+}
rPois    .         Reflect  .   (helmet restricted)
rElec    .         Harm     .   y - scarf {+Inv}
rCorr    .         Rampage  .   (gloves unavailable)
Will     ++...                  (boots unavailable)
Stlth    +++.......             (no amulet)
HPRegen  0.18/turn              t - ring of protection from fire
MPRegen  0.19/turn              h - ring of magical power

@: very quick
A: very small, no large weapons, unfitting armour, see invisible, speed 3
a: Renounce Religion, Evoke Invisibility, Potion Petition, Call Merchant, Bribe
Branch


You were on level 11 of the Dungeon.
You worshipped Gozag.
Gozag was most pleased with you.
You visited 3 branches of the dungeon, and saw 13 of its levels.

You collected 2277 gold pieces.
You paid 28 gold pieces to Gozag.

Inventory:

Hand Weapons
 a - a +2 fustibalus of flaming (weapon)
 b - a +5 dagger
 m - a +0 hunting sling of flaming
 I - a +1 hunting sling
 N - the +3 longbow of the Lamprey {freeze, SInv}
   (You found it on level 8 of the Dungeon)

   It causes projectiles fired from it to freeze those they strike, causing
   extra injury to most foes and up to half again as much damage against
   particularly susceptible opponents.
   They can also slow down cold-blooded creatures.
   It lets you see invisible.
 O - a +0 dagger of speed
 S - a +0 short sword
Missiles
 d - 223 sling bullets
 f - 121 stones (quivered ammo)
 n - 9 boomerangs
 u - 60 poisoned darts
 G - a curare-tipped dart
 R - 5 atropa-tipped darts
Armour
 c - a +0 robe
 w - a +1 buckler of fire resistance (worn)
 y - a scarf of invisibility (worn)
 C - a +1 robe of willpower (worn)
Jewellery
 h - a ring of magical power (left hand)
 t - a ring of protection from fire (right hand)
 J - a ring of positive energy
 K - a ring of fire
 P - a ring of see invisible
Wands
 x - a wand of digging (7)
 z - a wand of flame (38)
 A - a wand of acid (10)
 D - a wand of polymorph (17)
 E - a wand of iceblast (11)
Scrolls
 g - 2 scrolls of fog {unknown}
 i - a scroll of vulnerability {unknown}
 l - 2 scrolls of immolation
 o - 2 scrolls of fear
 p - 5 scrolls of teleportation
 B - 3 scrolls of magic mapping
 L - a scroll of blinking {unknown}
 M - a scroll of enchant armour {unknown}
 Q - a scroll of enchant weapon {unknown}
Potions
 e - 3 potions of degeneration {unknown}
 j - a potion of resistance {unknown}
 k - a potion of berserk rage
 q - 2 potions of lignification
 r - 10 potions of curing
 s - a potion of attraction {unknown}
 v - 3 potions of flight
 F - 2 potions of invisibility {unknown}
 H - a potion of brilliance
 T - a potion of mutation {unknown}
 U - a potion of cancellation {unknown}
Miscellaneous
 V - a box of beasts


   Skills:
 + Level 5.1 Fighting
 + Level 13.0 Slings
 + Level 11.9 Dodging
 - Level 6.0 Stealth
 - Level 4.3 Shields
 - Level 2.9 Spellcasting
 - Level 3.9 Transmutations
 - Level 3.2 Evocations


You had 13 spell levels left.
You knew the following spells:

 Your Spells              Type           Power      Damage    Failure   Level
a - Wereblood             Tmut           13%        N/A       8%          2

Your spell library contained the following spells:

 Spells                   Type           Power      Damage    Failure   Level
 Beastly Appendage        Tmut           26%        N/A       5%          1
 Passwall                 Tmut/Erth      5%         N/A       19%         2
 Animate Skeleton         Necr           4%         N/A       26%         1
 Apportation              Tloc           4%         N/A       26%         1
 Corona                   Hex            2%         N/A       26%         1
 Magic Dart               Conj           8%         1d3       26%         1
 Sandblast                Erth           4%         2d4       26%         1
 Summon Small Mammal      Summ           8%         N/A       26%         1
 Spider Form              Tmut/Pois      3%         N/A       34%         3
 Searing Ray              Conj           4%         3d3       38%         2
 Confusing Touch          Hex            2%         N/A       63%         3
 Dazzling Flash           Conj/Hex       4%         N/A       63%         3
 Gell's Gravitas          Tloc           1%         N/A       63%         3
 Stone Arrow              Conj/Erth      4%         3d7       63%         3
 Ice Form                 Ice/Tmut       7%         N/A       75%         4
 Petrify                  Tmut/Erth      7%         N/A       75%         4
 Blade Hands              Tmut           6%         N/A       82%         5
 Fulminant Prism          Conj/Hex       1%         3d6       95%         4
 Iskenderun's Mystic Bla  Conj/Tloc      2%         2d3       95%         4
 Yara's Violent Unravell  Hex/Tmut       3%         3d4       97%         5
 Lee's Rapid Deconstruct  Erth           1%         3d5*      100%        5
 Metabolic Englaciation   Hex/Ice        1%         N/A       100%        5


Dungeon Overview and Level Annotations

Branches:
Dungeon (11/15)            Temple (1/1) D:5            Lair (1/6) D:8
    Orc (0/2) D:10

Altars:
Ashenzari
Cheibriados
Dithmenos
Elyvilon
Fedhas
Gozag
Hepliaklqana
Kikubaaqudgha
Makhleb
Nemelex Xobeh
Okawaru
Qazlal
Ru
Sif Muna
Trog
Uskayaw
Vehumet
Wu Jian
Xom
Yredelemnul
Zin
The Shining One
Beogh

Shops:
D:3 *

Annotations:
D:3 1 runed translucent door, Crazy Yiuf
D:4 3 runed translucent doors, stripedtigrrr's ghost, amateur OpAK
D:5 Dowan; Duvessa


Innate Abilities, Weirdness & Mutations

You are very small and have problems with some larger weapons.
You are too small for most types of armour.
You have supernaturally acute eyesight. (SInv)
You cover ground extremely quickly. (Speed+++)


Message History

The stone hits the boulder beetle but does no damage.
The boulder beetle is moderately wounded.
You shoot a stone.
The stone hits the boulder beetle but does no damage.
The boulder beetle is moderately wounded.
You shoot a stone.
The stone barely misses the boulder beetle.
You shoot a stone.
The stone hits the boulder beetle but does no damage.
The boulder beetle is moderately wounded.
The boulder beetle bites you!!
You see here a stone.
The boulder beetle curls into a ball and begins rolling!
You see here a stone.
You see here 5 stones.
f - 122 stones (gained 1)
Things that are here:
a +0 shortbow; 15 arrows You see here 2 stones.
Things that are here:
a +0 shortbow; 16 arrows You block the boulder beetle's attack.
The boulder beetle stops rolling and uncurls.
Things that are here:
a +0 shortbow; 26 arrows You are too injured to fight recklessly!
You are too injured to fight recklessly!
Fire: 122 stones
Press: ? - help, Q - select action, (/) - cycle Shift-Dir - straight line, f/p - boulder beetle
Aim: a boulder beetle (moderately wounded, 91% to hit)
You shoot a stone. The stone hits the boulder beetle.
The stone burns the boulder beetle.
The boulder beetle is moderately wounded.
The boulder beetle curls into a ball and begins rolling!
There is a stone staircase leading up here.
There is a stone staircase leading up here.
The boulder beetle hits you!!!
Ouch! That really hurt!
You die...
Your body crumbles into a pile of gold.

#.# #.# ### ####.###..
#.(°°(.(.. #(########
##### #.(####### #...#
##(#°○.B(( #...#
#.°#.(#.# ####.@B####
##°##..#)
#......°°.#####).#...#
#........°()..(..##.#.
#..............#..#.(#
####...#######.##.##.(
#...# #.##..#.( #...#
#>###.##( ##.## #.#
#..#. #.# #.# ##.##


You could see a boulder beetle.

Vanquished Creatures
  2 two-headed ogres
  A centaur zombie (D:10)
  3 komodo dragons (D:8)
  A wraith (D:10)
  8 yaks
  A steam dragon (D:8)
  A basilisk (D:8)
  2 orc warriors
  2 ice beasts
  4 sky beasts
  6 ogres
  8 centaurs
  2 phantoms
  3 kobold brigands
  6 bullfrogs
  5 scorpions
  4 killer bees (D:9)
  10 wights (D:9)
  4 howler monkeys
  2 bullfrog zombies
  5 hounds
  7 orc priests
  2 bullfrog skeletons (D:6)
  A jelly (D:10)
  3 centaur skeletons
  5 iguanas
  Natasha (D:3)
  4 orc wizards
  8 worker ants
  2 hound skeletons
  2 worker ant zombies
  A howler monkey zombie (D:7)
  Robin (D:4)
  4 gnolls
  10 adders
  A white imp (D:8)
  An ufetubus (D:5)
  3 adder zombies
  An adder skeleton (D:8)
  A worm (D:3)
  A dart slug (D:5)
  5 leopard geckos
  26 orcs
  A ball python (D:5)
  2 bats (D:3)
  3 giant cockroaches
  13 goblins
  3 hobgoblins
  3 jackals
  18 kobolds
  3 quokkas
  3 frilled lizards
  2 rats
221 creatures vanquished.

Vanquished Creatures (others)
  A fungus (D:3)
  4 plants (D:7)
5 creatures vanquished.

Grand Total: 226 creatures vanquished

Notes
Turn   | Place    | Note
-------+----------+-------------------------------------------
     0 | D:1      | Gaff the Spriggan Hunter began the quest for the Orb.
     0 | D:1      | Reached XP level 1. HP: 10/10 MP: 2/2
   249 | D:1      | Reached skill level 5 in Slings
   316 | D:1      | Reached XP level 2. HP: 15/15 MP: 3/3
   918 | D:2      | Found an opulent altar of Gozag.
   927 | D:2      | Became a worshipper of Gozag Ym Sagoz the Greedy
  1013 | D:2      | Found a hide-covered altar of Uskayaw.
  1119 | D:2      | Found a stormy altar of Qazlal.
  1663 | D:3      | Reached XP level 3. HP: 18/18 MP: 4/4
  1944 | D:3      | Reached XP level 4. HP: 21/23 MP: 5/5
  2324 | D:3      | Found Waod's Assorted Antiques.
  2509 | D:3      | Noticed Natasha
  2531 | D:3      | Killed Natasha
  2817 | D:3      | Found a runed translucent door.
  2818 | D:3      | Noticed Crazy Yiuf
  2916 | D:3      | Reached skill level 6 in Slings
  3327 | D:3      | Reached XP level 5. HP: 3/26 MP: 6/6
  3694 | D:4      | Noticed Robin
  3731 | D:4      | Killed Robin
  4183 | D:4      | Found a runed translucent gate.
  4183 | D:4      | Found a runed translucent gate.
  4186 | D:4      | Noticed stripedtigrrr's ghost (amateur OpAK)
  4192 | D:4      | Found a runed translucent gate.
  4192 | D:4      | Identified the +4 mace "Hushreuf" {elec, rN+}
  4192 | D:4      | Identified the +0 scale mail of Servitude {Slay+2}
  4414 | D:4      | Identified the +1 leather armour "Mit Fid" {*Contam Rampage
                  | rElec}
  4446 | D:4      | Noticed an ogre
  4508 | D:4      | Killed an ogre
  4509 | D:4      | Reached skill level 7 in Slings
  4509 | D:4      | Reached XP level 6. HP: 30/30 MP: 7/7
  4571 | D:4      | Reached skill level 5 in Stealth
  4734 | D:3      | Reached skill level 5 in Dodging
  5390 | D:5      | Entered Level 5 of the Dungeon
  5501 | D:5      | Reached XP level 7. HP: 23/35 MP: 8/8
  6279 | D:4      | Reached skill level 8 in Slings
  6425 | D:5      | Found a staircase to the Ecumenical Temple.
  6831 | D:5      | Noticed Duvessa
  6859 | Temple   | Entered the Ecumenical Temple
  7378 | D:5      | Noticed Dowan
  9679 | D:5      | Reached skill level 9 in Slings
 10084 | D:6      | HP: 1/32 [orc warrior/+1 short sword of draining (2)]
 10732 | D:6      | Reached XP level 8. HP: 39/39 MP: 9/9
 11572 | D:6      | Reached skill level 10 in Slings
 12604 | D:7      | Reached skill level 1 in Evocations
 12650 | D:7      | Reached skill level 1 in Spellcasting
 13624 | D:7      | Identified a scroll of acquirement
 13625 | D:7      | Acquired a +2 fustibalus of flaming
 14116 | D:7      | Noticed a gargoyle
 14116 | D:7      | Noticed an eight-headed hydra
 14333 | D:7      | Reached XP level 9. HP: 35/45 MP: 13/13
 14727 | D:8      | Found a burning altar of Makhleb.
 14728 | D:8      | Found an iron altar of Okawaru.
 14728 | D:8      | Found a glowing silver altar of Zin.
 14730 | D:8      | Found a snail-covered altar of Cheibriados.
 14730 | D:8      | Found a sparkling altar of Nemelex Xobeh.
 14771 | D:8      | Identified the +3 longbow of the Lamprey {freeze, SInv}
 14845 | D:8      | Noticed a kobold demonologist
 14853 | D:8      | Noticed an ice devil
 14855 | D:8      | HP: 2/45 [ice devil[a kobold demonologist] (10)]
 14864 | D:8      | Noticed an orange demon
 14970 | D:8      | Found a basalt altar of Yredelemnul.
 15452 | D:8      | Reached skill level 1 in Shields
 15999 | D:8      | Noticed a freezing wraith
 15999 | D:8      | Identified the ring "Wecs" {rElec rPois Dex+6 Stlth-}
 16046 | D:8      | Found a blossoming altar of Fedhas.
 16804 | D:9      | Reached skill level 1 in Transmutations
 16880 | D:8      | Noticed a komodo dragon
 16939 | D:8      | Killed a komodo dragon
 16940 | D:8      | Reached skill level 11 in Slings
 17069 | D:8      | Noticed a komodo dragon
 17069 | D:8      | Noticed a komodo dragon
 17107 | D:8      | Killed a komodo dragon
 17155 | D:8      | Killed a komodo dragon
 17217 | D:8      | Learned a level 2 spell: Wereblood
 17249 | D:8      | Found a staircase to the Lair.
 17313 | D:8      | Reached XP level 10. HP: 21/49 MP: 15/15
 17547 | Lair:1   | Entered Level 1 of the Lair of Beasts
 17549 | Lair:1   | Noticed a cane toad
 17628 | D:8      | Noticed an orange demon
 17632 | D:8      | Noticed a sun demon
 17634 | D:8      | Noticed a soul eater
 18020 | D:9      | Reached skill level 10 in Dodging
 18084 | D:9      | Noticed a two-headed ogre
 18137 | D:9      | Killed a two-headed ogre
 18138 | D:9      | Reached skill level 12 in Slings
 19512 | D:10     | Entered Level 10 of the Dungeon
 19860 | D:10     | Noticed a two-headed ogre
 19906 | D:10     | Killed a two-headed ogre
 19996 | D:10     | Reached XP level 11. HP: 54/54 MP: 16/16
 20339 | D:10     | Reached skill level 5 in Fighting
 20551 | D:10     | Found a staircase to the Orcish Mines.
 21167 | D:11     | Reached skill level 13 in Slings
 21439 | D:11     | Noticed a boulder beetle
 21627 | D:11     | Demolished by a boulder beetle

Illustrated notes

Levels and vault maps discovered:
D:1:      sevenhm_arrival_forest_fort_large_2, layout_rooms
D:2:      layout_loops_ring, general_overflow_altar, lemuel_crystal_altar,
          nicolae_gozag_cash_rules_everything_around_me
D:3:      layout_basic, serial_shops, shop, uniq_natasha,
          uniq_crazy_yiuf_cottage
D:4:      layout_rooms, biasface_ghost_orc_armoury, uniq_robin
D:5:      layout_basic, temple_fountains, uniq_duvessa
D:6:      minmay_octagon_keep, layout_loops_ring, supply_closet_lemuel,
          feat_on_display
D:7:      layout_basic, glass_columns_a, minmay_shattered_shrine
D:8:      layout_loops_ring, fedhas_altar_1, lemuel_crystal_altar,
          grunt_temple_overflow_open, erik_lair_dragon, minmay_diamond_spiral
D:9:      layout_roguey
D:10:     layout_loops_ring, orc_0_dummy, minmay_misc_feat_four_crosses,
          kennysheep_generic_room_11
D:11:     minmay_the_grid_triangle_9x9_recursive_3
          [minmay_the_grid_triangle_9x9_impossible_snake,
          minmay_the_grid_triangle_9x9_intruding_spiral,
          minmay_the_grid_triangle_9x9_descending_squares,
          minmay_the_grid_triangle_9x9_prize_top_heavy,
          minmay_the_grid_triangle_9x9_negative_grid,
          minmay_the_grid_triangle_9x9_subtriangle,
          minmay_the_grid_triangle_9x9_corruption,
          minmay_the_grid_triangle_9x9_alien,
          minmay_the_grid_triangle_9x9_limited_checkers], layout_loops_ring,
          serial_shops, nicolae_shop_stone, uniq_josephine, uniq_harold
Temple:   minmay_temple_bridge_abc
Lair:1:   layout_long_grid, uniq_grum

Skill      XL: |  1  2  3  4  5  6  7  8  9 10 11 |
---------------+----------------------------------+-----
Slings         | 5 6 7 9 10 11 12 13 | 13.0
Stealth        | 2 3 4 5 6 |  6.0
Dodging        | 3 4 5 6 8 9 11 | 11.9
Fighting       | 2 3 4 5 |  5.1
Evocations     | 2 3 |  3.2
Spellcasting   | 2 |  2.9
Shields        | 3 4 |  4.3
Transmutations | 3 |  3.9

Action                   |  1- 3 |  4- 6 |  7- 9 | 10-12 || total
-------------------------+-------+-------+-------+-------++-------
Melee: Short sword       |    29 |    45 |   255 |     7 ||   336
       Dagger            |       |       |       |    35 ||    35
 Fire: Hunting sling     |    56 |   220 |   427 |       ||   703
       Fustibalus        |       |       |   241 |   454 ||   695
Throw: Stone             |       |       |     1 |     2 ||     3
 Cast: Wereblood         |       |       |       |     1 ||     1
Evoke: Wand              |       |       |     1 |       ||     1
  Use: Scroll            |       |     3 |     7 |     1 ||    11
       Potion            |       |       |     2 |       ||     2
 Stab: Sleeping          |       |       |     3 |     2 ||     5
Armor: Robe              |     2 |     3 |    16 |     2 ||    23
       Skin              |       |       |     6 |       ||     6
Dodge: Dodged            |    33 |    45 |   259 |    93 ||   430
Block: Buckler           |       |     6 |   111 |    60 ||   177

Table legend: (Time is in decaauts)
 A = Elapsed time spent in this place.
 B = Non-inter-level travel time spent in this place.
 C = Inter-level travel time spent in this place.
 D = Time resting spent in this place.
 E = Time spent auto-exploring this place.
 F = Levels seen in this place.
 G = Mean time per level.
                   A        B        C        D        E       F      G
               +--------+--------+--------+--------+--------+-----+--------+
         Total |  16274 |  15927 |    347 |   5305 |   4014 |  13 | 1251.8 |
       Dungeon |  16148 |  15814 |    334 |   5305 |   3907 |  11 | 1468.0 |
        Temple |    122 |    109 |     13 |      0 |    107 |   1 |  122.0 |
          Lair |      3 |      3 |      0 |      0 |      0 |   1 |    3.0 |
               +--------+--------+--------+--------+--------+-----+--------+

Top non-repeatable levels by time:
     D:5: 2550 daAuts
     D:4: 2095 daAuts
     D:6: 2080 daAuts
     D:8: 2026 daAuts
     D:7: 1775 daAuts
     D:3: 1514 daAuts
     D:9: 1414 daAuts
    D:10: 1094 daAuts
     D:2: 694 daAuts
     D:1: 532 daAuts
    D:11: 371 daAuts
  Temple: 122 daAuts
  Lair:1: 3 daAuts
